 Dungeon Crawl Stone Soup version 0.29-a0-362-g5854e031c7 (webtiles) character file.

Game seed: 3100276836242541028

112 jaega1 the Chopper (level 4, 0/39 HPs)
             Began as a Hill Orc Fighter on Apr 29, 2022.
             Was a Follower of Kikubaaqudgha.
             Succumbed to an orc wizard's poison
             ... on level 3 of the Dungeon.
             The game lasted 00:04:52 (1846 turns).

jaega1 the Chopper (Hill Orc Fighter)               Turns: 1846, Time: 00:04:53

Health: 0/39       AC:  8    Str: 18    XL:     4   Next: 95%
Magic:  4/4        EV:  9    Int:  8    God:    Kikubaaqudgha [*.....]
Gold:   128        SH:  0    Dex: 12    Spells: 1/3 levels left

rFire   . . .      SeeInvis .   a - +0 war axe
rCold   . . .      Faith    .   (no shield)
rNeg    . . .      Spirit   .   b - +0 scale mail
rPois   .          Reflect  .   o - +0 helmet
rElec   .          Harm     .   (no cloak)
rCorr   .          Rampage  .   (no gloves)
Will    .....                   (no boots)
Stlth   ..........              (no amulet)
HPRegen 0.13/turn               (no ring)
MPRegen 0.09/turn               (no ring)

@: mighty, lethally poisoned (0 -> -28)
A: no striking features
a: Renounce Religion, Receive Corpses


You were on level 3 of the Dungeon.
You worshipped Kikubaaqudgha.
Kikubaaqudgha was aware of your devotion.
You visited 1 branch of the dungeon, and saw 3 of its levels.

You collected 128 gold pieces.

Inventory:

Hand Weapons
 a - a +0 war axe (weapon)
Armour
 b - a +0 scale mail (worn)
 c - a +0 buckler
 o - a +0 helmet (worn)
 p - a +0 chain mail
Scrolls
 e - a scroll of identify {unknown}
 h - a scroll of enchant weapon {unknown}
 i - a scroll of blinking {unknown}
 k - 3 scrolls of vulnerability {unknown}
 n - a scroll of acquirement {unknown}
Potions
 f - a potion of brilliance {unknown}
 g - a potion of degeneration {unknown}
 j - a potion of heal wounds {unknown}
 l - 2 potions of curing {unknown}
 m - a potion of ambrosia {unknown}
 q - a potion of haste {unknown}


   Skills:
 - Level 3.6 Fighting
 + Level 6.3 Axes
 - Level 3.2 Armour
 - Level 3.2 Shields
 * Level 0.8 Necromancy


You had one spell level left.
You knew the following spells:

 Your Spells              Type           Power      Damage    Failure   Level
a - Pain                  Necr           4%         1d4       67%         1
b - Animate Skeleton      Necr           2%         N/A       67%         1

Your spell library contained the following spells:

 Spells                   Type           Power      Damage    Failure   Level
 Vampiric Draining        Necr           1%         2d6       96%         3
 Agony                    Necr           1%         N/A       100%        5


Dungeon Overview and Level Annotations

Branches:
Dungeon (3/15)

Altars:
Kikubaaqudgha

Shops:
D:2 :


Message History

You hit the endoplasm.
The orc wizard hits you with a +1 dagger of venom.
You are poisoned.
The endoplasm barely misses you.
A rat comes into view.
The orc wizard mumbles some strange words.
The orc wizard flickers and vanishes!
Deactivating autopickup; reactivate with Ctrl-A.
The endoplasm freezes you.
You are frozen.
Something hits you but does no damage.
You feel sick. The endoplasm hits you.
You feel sick. The endoplasm closely misses you.
You feel sick.
You feel sick. The endoplasm freezes you.
You are frozen.
Something hits you.
You are more poisoned.
You feel sick.
Things that are here:
a +0 club; a kobold corpse; a bat corpse You feel very mighty all of a sudden.
You feel sick. Something hits you but does no damage.
You are lethally poisoned!
You miss something.
* * * LOW HITPOINT WARNING * * *
You feel very sick. Something hits you but does no damage.
You are more poisoned.
You slash something!
* * * LOW HITPOINT WARNING * * *
You feel very sick. Something hits you but does no damage.
You are more poisoned.
You slash something! Kikubaaqudgha accepts your kill.
Reactivating autopickup.
You feel a bit more experienced.
You die...
Kikubaaqudgha rasps: "You have failed me!
Welcome... death!"

......#.##.#.#..
........)#......
#....#..#...#..
#..............
#........#####.#
#<..###r......... ##
#.ooJ...... #.#)##..... K#
#.#@# ###. ....#.#.######.
#### #............. ...#
#....#.####### ...#
....###.#.....# ...# .#.#
#.......# # K..#
....#####.#####.#
...#####.................#
.........>########....####


You could see 2 orcs, an endoplasm and a rat.

Vanquished Creatures
  2 orc wizards
  5 adders (D:2)
  A worm (D:2)
  2 dart slugs
  4 orcs (D:3)
  3 endoplasms
  4 goblins
  3 kobolds
  A quokka (D:2)
  4 ball pythons
  2 bats
  2 frilled lizards (D:1)
  6 rats
39 creatures vanquished.

Notes
Turn   | Place    | Note
-------+----------+-------------------------------------------
     0 | D:1      | jaega1 the Hill Orc Fighter began the quest for the Orb.
     0 | D:1      | Reached XP level 1. HP: 19/19 MP: 1/1
   111 | D:1      | Reached skill level 3 in Axes
   388 | D:1      | Reached XP level 2. HP: 26/26 MP: 2/2
   525 | D:2      | Reached skill level 4 in Axes
   828 | D:2      | Reached XP level 3. HP: 30/31 MP: 3/3
   856 | D:2      | Reached skill level 5 in Axes
   995 | D:2      | Reached XP level 4. HP: 23/39 MP: 4/4
  1146 | D:2      | Found a faded altar of an unknown god.
  1154 | D:2      | Prayed at the altar of an unknown god.
  1154 | D:2      | Became a worshipper of Kikubaaqudgha
  1154 | D:2      | Reached * piety under Kikubaaqudgha
  1154 | D:2      | Received a gift from Kikubaaqudgha
  1165 | D:2      | Learned a level 1 spell: Pain
  1167 | D:2      | Learned a level 1 spell: Animate Skeleton
  1492 | D:2      | Found Guwosuve's Book Emporium.
  1677 | D:2      | Reached skill level 6 in Axes
  1846 | D:3      | Succumbed to an orc wizard's poison

Illustrated notes

Levels and vault maps discovered:
D:1:      dpeg_arrival_erosion, layout_rooms
D:2:      layout_loops_ring, basic_ecumenical_altar, serial_shops,
          nicolae_shop_hallway_stairs, kennysheep_generic_room_14
D:3:      layout_basic, serial_shops, nicolae_shop_behind_doors,
          hangedman_decor_lopped, uniq_crazy_yiuf_cottage

Skill      XL: |  1  2  3  4 |
---------------+-------------+-----
Axes           | 3 4 5 6 |  6.3
Fighting       | |  3.6
Armour         | |  3.2
Shields        | |  3.2
Necromancy     | |  0.8

Action                   |  1- 3 |  4- 6 || total
-------------------------+-------+-------++-------
Melee: War axe           |    59 |    48 ||   107
       Punch             |       |     1 ||     1
  Use: Potion            |       |     1 ||     1
Armor: Scale mail        |    25 |    33 ||    58
Dodge: Dodged            |    26 |    20 ||    46
Block: Buckler           |    13 |       ||    13

Table legend: (Time is in decaauts)
 A = Elapsed time spent in this place.
 B = Non-inter-level travel time spent in this place.
 C = Inter-level travel time spent in this place.
 D = Time resting spent in this place.
 E = Time spent auto-exploring this place.
 F = Levels seen in this place.
 G = Mean time per level.
                   A        B        C        D        E       F      G
               +--------+--------+--------+--------+--------+-----+--------+
         Total |   1877 |   1814 |     63 |    308 |   1059 |   3 |  625.7 |
       Dungeon |   1877 |   1814 |     63 |    308 |   1059 |   3 |  625.7 |
               +--------+--------+--------+--------+--------+-----+--------+

Top non-repeatable levels by time:
     D:2: 1197 daAuts
     D:1: 531 daAuts
     D:3: 148 daAuts
